 Dungeon Crawl Stone Soup version 0.30-a0-626-gd6a5dd7a1f (webtiles) character file.

Game seed: 14055110950939143428

19 testman the Charlatan (level 2, -1/21 HPs)
             Began as a Human Wanderer on Jan 11, 2023.
             Slain by a goblin
             ... wielding a +0 club
              (2 damage)
             ... on level 1 of the Dungeon.
             The game lasted 00:01:53 (129 turns).

testman the Charlatan (Human Wanderer)               Turns: 129, Time: 00:01:54

Health: -1/21      AC:  4    Str: 15    XL:     2   Next: 95%
Magic:  0/5        EV: 11    Int: 12    God:
Gold:   0          SH:  0    Dex:  9    Spells: 4/5 levels left

rFire   . . .      SeeInvis .    a - +0 mace
rCold   . . .      Faith    .    (no shield)
rNeg    . . .      Spirit   .    d - +0 leather armour
rPois   .          Reflect  .    h - +1 hat
rElec   .          Harm     .    (no cloak)
rCorr   .          Rampage  .    (no gloves)
Will    .....                    (no boots)
Stlth   +                        (no amulet)
HPRegen 0.23/turn                (no ring)
MPRegen 0.09/turn                (no ring)

@: on berserk cooldown, slowed, very slow
A: no striking features
a: no special abilities


You were on level 1 of the Dungeon.
You visited 1 branch of the dungeon, and saw 1 of its levels.

Inventory:

Hand Weapons
 a - a +0 mace (weapon)
Armour
 d - a +0 leather armour (worn)
 h - a +1 hat (worn)
Wands
 b - a wand of polymorph (6)
Scrolls
 e - a scroll of blinking {unknown}
Potions
 f - a potion of heal wounds {unknown}
 g - a potion of flight {unknown}


   Skills:
 + Level 1.5 Fighting
 + Level 1.5 Maces & Flails
 - Level 1.0 Dodging
 + Level 2.2 Spellcasting
 + Level 2.3 Ice Magic
 - Level 3.0 Evocations


You had 4 spell levels left.
You knew the following spells:

 Your Spells              Type           Power      Damage    Failure   Level
a - Freeze                Ice            24%        1d4       13%         1

Your spell library contained the following spells:

 Spells                   Type           Power      Damage    Failure   Level
 Ensorcelled Hibernation  Hex/Ice        8%         N/A       30%         2
 Ozocubu's Armour         Ice            6%         N/A       36%         3


Dungeon Overview and Level Annotations

Branches:
Dungeon (1/15)

Altars:


Message History

You hit the kobold.
You kill the kobold!
A goblin comes into view. It is wielding a +0 club.
You are no longer berserk.
You are exhausted.
You feel yourself slow down.
The goblin shouts!
The dart slug barely misses you.
Things that are here:
a +0 club; 2 stones You hit the dart slug.
The dart slug is severely wounded.
The dart slug launches a dart at you.
The slug dart hits you but does no damage.
You hit the dart slug.
You kill the dart slug!
The rat barely misses you. The rat attacks as you move away!
The rat bites you but does no damage.
Items here: †††††.
You barely miss the rat. The rat bites you.
* * * LOW HITPOINT WARNING * * *
The rat bites you but does no damage.
Aiming: Freeze (safe; 13% risk of failure)
Press: ? - help, Q - select action, (/) - cycle Shift-Dir - straight line, f - rat
Aim: a rat You freeze the rat.
You kill the rat!
The goblin hits you with a +0 club.
* * * LOW HITPOINT WARNING * * *
Aiming: Freeze (safe; 13% risk of failure)
Press: ? - help, Q - select action, (/) - cycle Shift-Dir - straight line, f - goblin
Aim: a goblin, wielding a +0 club You freeze the goblin.
The goblin is severely wounded.
The goblin hits you with a +0 club.
* * * LOW HITPOINT WARNING * * *
You closely miss the goblin.
The goblin is severely wounded.
The goblin hits you with a +0 club.
You die...

. .g ... ....
h....########
#...†g@..#
#.#...###.#
........# #.#
....#.$.#
#.##### ###
##.## #.....#
#. #####.# #.
#.# #. #.# #.
#.#


You could see a goblin.

Vanquished Creatures
  2 dart slugs (D:1)
  2 ball pythons (D:1)
  A giant cockroach (D:1)
  3 hobgoblins (D:1)
  3 jackals (D:1)
  A kobold (D:1)
  A rat (D:1)
13 creatures vanquished.

Notes
Turn   | Place    | Note
-------+----------+-------------------------------------------
     0 | D:1      | testman the Human Wanderer began the quest for the Orb.
     0 | D:1      | testman set off with the following items: a +0 mace, a wand
                  | of polymorph (6), a potion of berserk rage, a +0 leather
                  | armour; and the following spell memorised: Freeze; and the
                  | following spells available to memorise: Ensorcelled
                  | Hibernation, Ozocubu's Armour.
     0 | D:1      | Reached XP level 1. HP: 15/15 MP: 3/3
   110 | D:1      | Reached XP level 2. HP: 7/21 MP: 0/5
   128 | D:1      | HP: 1/21 [goblin/+0 club (4)]
   129 | D:1      | Slain by a goblin

Illustrated notes

Levels and vault maps discovered:
D:1:      spicycebolla_green_bress_n_ham, layout_loops_ring

Action                   || total
-------------------------++-------
Melee: Mace              ||    36
 Cast: Freeze            ||     7
  Use: Potion            ||     1
Armor: Leather armour    ||    14
Dodge: Dodged            ||    29

Table legend: (Time is in decaauts)
 A = Elapsed time spent in this place.
 B = Non-inter-level travel time spent in this place.
 C = Inter-level travel time spent in this place.
 D = Time resting spent in this place.
 E = Time spent auto-exploring this place.
 F = Levels seen in this place.
 G = Mean time per level.
                   A        B        C        D        E       F      G
               +--------+--------+--------+--------+--------+-----+--------+
         Total |    137 |    126 |     11 |      0 |     53 |   1 |  137.0 |
       Dungeon |    137 |    126 |     11 |      0 |     53 |   1 |  137.0 |
               +--------+--------+--------+--------+--------+-----+--------+

Top non-repeatable levels by time:
     D:1: 137 daAuts
